Map: [ESL] Site Delta

Players

SpeCial - Winner!

  • Race: Terran Terran
  • Spawn Location: 5:00

Future

  • Race: Terran Terran
  • Spawn Location: 11:00

Event: ESL SC2 Masters 2024 Spring (Regional)

VOD

Have the link to the VOD?

Description

Time

  • Played on: April 20, 2024, 11:01 a.m.
  • Length: 8:27

All games in this series

Show
View Real Time Build Order
Export as new Build Order

SpeCial Terran - Winner!

Build Orders: Cyclone Opening 

Get SALT Encoding   

  12  0:00  SCV  
  13  0:12  SCV  
  14  0:17  Supply Depot  
  14  0:24  SCV  
  15  0:38  SCV  
  15  0:40  Barracks  
  15  0:42  Refinery  
  16  0:50  SCV  
  16  0:52  Refinery  
  17  1:03  SCV  
  18  1:15  SCV  
  19  1:28  Orbital Command, Reaper  
  19  1:31  Supply Depot  
  20  1:42  Factory  
  20  1:54  SCV  
  20  2:00  Reaper  
  22  2:06  SCV  
  23  2:20  SCV  
  23  2:21  Command Center  
  24  2:26  Cyclone  
  26  2:33  SCV  
  27  2:38  Starport  
  27  2:41  Barracks Tech Lab  
  27  2:45  SCV  
  27  2:48  Supply Depot  
  28  2:57  SCV  
  29  3:00  Cyclone  
  31  3:09  SCV  
  32  3:19  Refinery  
  32  3:20  Banshee  
  32  3:23  SCV  
  32  3:25  Barracks Reactor  
  36  3:33  Orbital Command  
  36  3:34  Factory Tech Lab  
  36  3:36  SCV  
  37  3:48  SCV  
  38  3:53  Command Center  
  38  3:59  Siege Tank  
  38  4:01  Marine  
  38  4:02  Marine  
  42  4:05  SCV  
  43  4:11  Raven  
  43  4:14  SCV  
  46  4:18  Supply Depot  
  46  4:20  Interference Matrix  
  46  4:22  Marine  
  47  4:24  Marine  
  47  4:26  SCV  
  47  4:28  SCV  
  50  4:33  Siege Tank  
  50  4:38  SCV  
  54  4:40  Marine  
  54  4:41  SCV  
  53  4:47  Starport  
  53  4:49  Refinery  
  53  4:52  Marine  
  54  4:53  SCV x2  
  56  5:01  Raven  
  56  5:04  Supply Depot  
  56  5:05  SCV x2  
  56  5:07  Orbital Command  
  60  5:17  SCV, Barracks Reactor  
  60  5:22  Siege Tank  
  60  5:27  SCV  
  64  5:30  SCV  
  64  5:32  Viking  
  67  5:35  Viking  
  67  5:40  SCV x2  
  71  5:44  SCV, Supply Depot  
  72  5:56  SCV  
  73  6:00  Viking x2  
  73  6:02  Viking  
  73  6:03  SCV  
  73  6:04  SCV  
  81  6:06  Marine  
  82  6:11  Viking  
  82  6:16  Siege Tank  
  87  6:26  SCV x2  
  87  6:27  SCV  
  87  6:28  Marine, Supply Depot  
  91  6:36  Supply Depot  
  91  6:37  Viking  
  93  6:46  Orbital Command  
  93  6:50  SCV x2, Liberator x2  
  93  6:51  Supply Depot  
  101  6:57  Liberator  
  104  7:02  SCV  
  104  7:03  SCV  
  106  7:12  Siege Tank  
  109  7:17  SCV  
  109  7:21  Liberator  
  113  7:25  SCV x2  
  113  7:29  SCV  
  116  7:37  SCV  
  117  7:45  Marine  
  117  7:46  Siege Tank  
  117  7:48  SCV  
  117  7:50  SCV  
  113  7:52  Viking x2  
  113  7:54  SCV, Refinery  
  113  7:55  Refinery  
  116  8:00  SCV  
  116  8:02  SCV  
  116  8:03  Marine, Supply Depot x2  
  116  8:06  SCV  
  116  8:12  SCV  
  118  8:14  SCV  
  118  8:16  Factory  
Show
View Real Time Build Order
Export as new Build Order

Future Terran 

Build Orders: Reaper Expand 

Get SALT Encoding   

  12  0:00  SCV  
  13  0:12  SCV  
  14  0:17  Supply Depot  
  14  0:24  SCV  
  15  0:39  SCV, Barracks  
  16  0:43  Refinery  
  16  0:51  SCV  
  17  1:03  SCV  
  18  1:15  SCV  
  19  1:26  Reaper  
  19  1:27  Orbital Command  
  20  1:39  Command Center  
  20  1:52  SCV  
  20  1:54  Supply Depot  
  21  1:58  Marine  
  22  2:04  SCV  
  22  2:06  Factory  
  23  2:17  SCV  
  23  2:20  Marine  
  25  2:29  SCV  
  26  2:31  Refinery  
  26  2:32  Bunker  
  26  2:39  Marine  
  26  2:42  SCV  
  28  2:51  Orbital Command  
  28  2:54  Starport  
  28  2:55  SCV, Hellion  
  31  2:59  Barracks Reactor  
  31  3:05  Refinery  
  31  3:07  SCV  
  32  3:16  Cyclone  
  32  3:17  SCV  
  32  3:19  SCV  
  36  3:29  SCV  
  36  3:30  Supply Depot  
  36  3:31  SCV, Starport Tech Lab  
  38  3:35  Marine x2  
  38  3:41  SCV  
  41  3:43  SCV  
  42  3:48  Factory Tech Lab  
  42  3:53  Marine x2  
  42  3:54  Raven  
  42  3:55  Interference Matrix  
  46  3:59  SCV  
  46  4:02  SCV  
  48  4:03  Supply Depot  
  48  4:09  Siege Tank  
  51  4:11  SCV, Marine x2  
  51  4:15  Supply Depot  
  54  4:20  SCV  
  54  4:25  SCV  
  54  4:26  Supply Depot  
  54  4:28  Raven, Marine  
  54  4:29  Marine  
  59  4:33  SCV  
  59  4:35  Starport  
  59  4:37  SCV  
  61  4:45  SCV  
  59  4:46  Marine x2  
  59  4:47  Siege Tank  
  59  4:49  SCV, Supply Depot  
  65  4:57  SCV  
  65  4:58  Command Center  
  66  5:01  SCV  
  66  5:04  Raven, Marine x2  
  71  5:09  SCV  
  71  5:11  Supply Depot  
  71  5:13  SCV  
  73  5:17  Refinery  
  71  5:21  SCV  
  71  5:22  Siege Tank  
  71  5:25  SCV  
  76  5:33  SCV  
  76  5:35  Barracks  
  77  5:36  Barracks  
  77  5:37  SCV, Supply Depot  
  78  5:45  SCV  
  78  5:49  SCV  
  78  5:54  Engineering Bay x2  
  78  5:55  Siege Tank  
  81  5:58  SCV  
  81  6:01  Stimpack, SCV, Marine  
  84  6:10  SCV  
  85  6:13  SCV  
  87  6:19  Orbital Command  
  87  6:22  SCV  
  87  6:25  SCV  
  87  6:27  Viking x2, Siege Tank  
  87  6:28  Barracks Reactor x2  
  95  6:38  Marine  
  96  6:42  SCV  
  96  6:43  SCV  
  98  6:48  Orbital Command  
  98  6:55  SCV x2  
  98  6:59  Viking x2  
  102  7:01  Marine  
  102  7:08  Marine x4  
  104  7:13  Barracks  
  104  7:14  SCV, Barracks  
  106  7:18  SCV  
  106  7:19  Siege Tank, Marine  
  110  7:25  Marine  
  110  7:26  Marine  
  110  7:28  Marine  
  113  7:32  Medivac x2  
  113  7:33  Marine  
  117  7:38  Marine  
  117  7:43  Marine  
  104  7:44  Marine  
  104  7:46  Marine  
  104  7:51  Marine  
  79  7:55  Marine  
  75  8:00  Armory  
  75  8:01  Marine  
  75  8:02  Marine x2  
  75  8:04  Marine  
  79  8:07  Marine  
  79  8:08  Marine  
Tags
 
Add a new tag
Caveats
  • Supply blocks, unpowered buildings, or Contaminate may cause inaccurate times.
  • Supply counts are checked every 10 seconds.